 Dungeon Crawl Stone Soup version 0.27.1-4-g1640c2035a (webtiles) character file.

Game seed: 10118097542440629499

655 scsoc the Cutter (level 7, -9/53 HPs)
             Began as a Demonspawn Gladiator on Nov 3, 2021.
             Killed from afar by an electric eel (12 damage)
             ... with a bolt of electricity
             ... on level 4 of the Dungeon.
             The game lasted 00:13:15 (4314 turns).

scsoc the Cutter (Demonspawn Gladiator)             Turns: 4314, Time: 00:13:16

Health: -9/53      AC:  9    Str: 16    XL:     7   Next: 29%
Magic:  7/7        EV: 13    Int: 10    God:
Gold:   118        SH:  0    Dex: 14    Spells: 6/6 levels left

rFire    . . .     SeeInvis .   a - +1 rapier
rCold    + . .     Faith    .   (no shield)
rNeg     . . .     Spirit   .   n - +2 robe {rC+}
rPois    .         Reflect  .   (helmet restricted)
rElec    .         Harm     .   b - +0 cloak
rCorr    .         Rampage  .   (no gloves)
Will     .....                  (no boots)
Stlth    +.........             (no amulet)
HPRegen  0.17/turn              e - +4 ring of protection
MPRegen  0.10/turn              (no ring)

@: very slow
A: claws 1, horns 1, talons 1, demonic guardian 1, powered by death 1
a: no special abilities


You were on level 4 of the Dungeon.
You visited 1 branch of the dungeon, and saw 4 of its levels.
You also visited: Sewer.

You collected 118 gold pieces.

Inventory:

Hand Weapons
 a - a +1 rapier (weapon)
Missiles
 d - 3 throwing nets (quivered)
Armour
 b - a +0 cloak (worn)
 n - a +2 robe of cold resistance (worn)
Jewellery
 e - a +4 ring of protection (left claw)
Wands
 i - a wand of flame (16)
Scrolls
 c - a scroll of noise
 f - 2 scrolls of teleportation {unknown}
 h - a scroll of amnesia
 q - 2 scrolls of fog
Potions
 g - a potion of brilliance
 j - a potion of mutation
 k - a potion of ambrosia
 p - a potion of heal wounds


   Skills:
 + Level 3.8 Fighting
 + Level 5.2 Short Blades
 - Level 2.1 Throwing
 - Level 1.7 Armour
 + Level 4.2 Dodging
 + Level 2.5 Stealth


You had 6 spell levels left.
You didn't know any spells.
Your spell library was empty.

Dungeon Overview and Level Annotations

Branches:
Dungeon (4/15)              Sewer (visited)
 Temple: D:4-7

Altars:

Annotations:
D:4 1 transporter


Innate Abilities, Weirdness & Mutations

You have sharp fingernails.
You have a pair of small horns on your head.
You have sharp toenails.
A weak demonic guardian rushes to your aid.
You regenerate a little health from kills.


Message History

There is an open door here.
You see here a +0 cloak.
There is a transporter here.
You enter the transporter and appear at another place.
i - a wand of flame (16)
There is a transporter landing site here.
You open the door.
The electric eel shoots out a bolt of lightning at you!
The bolt of electricity hits you!
The electric eel shoots out a bolt of lightning at you!
The bolt of electricity hits you! The bolt of electricity misses you.
The bolt of electricity hits the plant!
The plant begins to die.
There is an open door here.
The electric eel shoots out a bolt of lightning at you!
The bolt of electricity misses you.
You enter the shallow water.
Moving in this stuff is going to be slow.
The electric eel shoots out a bolt of lightning at you!
The bolt of electricity misses you. The bolt of electricity hits you!
The electric eel shoots out a bolt of lightning at you!
The bolt of electricity hits you!
* * * LOW HITPOINT WARNING * * *
A demonic guardian appears!
A nearby plant withers and dies.
The electric eel shoots out a bolt of lightning at you!
The bolt of electricity misses you.
The electric eel shoots out a bolt of lightning at you!
The bolt of electricity hits you!
* * * LOW HITPOINT WARNING * * *
A demonic guardian appears!
The bolt of electricity hits your shadow imp!
Your shadow imp dies!
Sorry, you're not good enough to have a special ability.
As you read the scroll of fog, it crumbles to dust.
The scroll dissolves into smoke.
Your ufetubus hits the electric eel. x2
Your ufetubus closely misses the electric eel.
Your ufetubus barely misses the electric eel.
The electric eel shoots out a bolt of lightning at you!
The bolt of electricity hits you!
You die...

..†....# ####.................
..†....# #....©...............
.......# #.#######............
.......######.#8.©.8#............
#####.........#P.[.P#......#####.
#...'...).....###+###......#...#.
#...#.........#≈≈≈≈≈#......#...##
#...#.........#≈≈≈≈≈#......#...†'
#...#.........#§@§≈≈#......#....#
#...#.........#§§§≈≈#......#....#
##..#.........#5;;≈≈#......#...##
##..#########.#≈...≈#.[....######
#.............#≈...≈#......#....#
#.............###'###......#....#
#.............#P...≈#......#....#
#.............#8.©.8#......#....#
#.............#######......#...##


You could see 2 electric eels and a friendly ufetubus (summoned).

Vanquished Creatures
  A phantom (D:4)
  2 bullfrogs (Sewer)
  A water moccasin skeleton (D:3)
  2 hounds (D:4)
  An iguana (D:4)
  Jessica (D:2)
  Terence (D:2)
  Natasha (twice) (D:2)
  2 orc wizards (D:3)
  7 adders
  A river rat (D:3)
  An adder skeleton (D:4)
  A worm (D:4)
  A dart slug (D:4)
  8 orcs (D:3)
  6 endoplasms
  7 giant cockroaches
  6 goblins
  11 hobgoblins
  6 jackals (D:4)
  4 quokkas (Sewer)
  5 ball pythons
  7 bats
  12 frilled lizards
  8 kobolds
  11 rats
115 creatures vanquished.

Vanquished Creatures (others)
  3 fungi (D:2)
  3 plants
6 creatures vanquished.

Grand Total: 121 creatures vanquished

Notes
Turn   | Place    | Note
-------+----------+-------------------------------------------
     0 | D:1      | scsoc the Demonspawn Gladiator began the quest for the Orb.
     0 | D:1      | Reached XP level 1. HP: 16/16 MP: 1/1
   283 | D:1      | Gained mutation: You have a pair of small horns on your
                  | head. [demonic ancestry]
   283 | D:1      | Reached XP level 2. HP: 22/22 MP: 2/2
   303 | D:1      | Reached skill level 3 in Short Blades
   723 | D:2      | Noticed Terence
   743 | D:2      | Killed Terence
   744 | D:2      | Reached XP level 3. HP: 19/27 MP: 3/3
  1291 | D:2      | Noticed Natasha
  1294 | D:2      | Killed Natasha
  1295 | D:2      | Gained mutation: A weak demonic guardian rushes to your
                  | aid. [demonic ancestry]
  1295 | D:2      | Reached XP level 4. HP: 33/34 MP: 4/4
  1378 | D:2      | Noticed Natasha
  1387 | D:2      | Killed Natasha
  1388 | D:2      | Reached skill level 4 in Short Blades
  1388 | D:2      | Reached skill level 1 in Armour
  1673 | D:2      | Noticed Jessica
  1680 | D:2      | Killed Jessica
  1681 | D:2      | Gained mutation: You have sharp fingernails. [demonic
                  | ancestry]
  1681 | D:2      | Reached XP level 5. HP: 32/39 MP: 5/5
  1841 | D:2      | Found a faded altar of an unknown god.
  2671 | D:3      | Gained mutation: You have sharp toenails. [demonic
                  | ancestry]
  2671 | D:3      | Reached XP level 6. HP: 46/46 MP: 6/6
  2686 | D:3      | Found a glowing drain.
  2695 | Sewer    | Entered a sewer
  2720 | Sewer    | Reached skill level 1 in Stealth
  3616 | D:4      | Found a transporter.
  3636 | D:4      | Reached skill level 5 in Short Blades
  3671 | D:4      | Found a transporter.
  3720 | D:4      | Gained mutation: You regenerate a little health from kills.
                  | [demonic ancestry]
  3720 | D:4      | Reached XP level 7. HP: 48/53 MP: 7/7
  4314 | D:4      | Killed from afar by an electric eel

Illustrated notes

Levels and vault maps discovered:
D:1:      nzn_arrival_crosshair, layout_loops_ring, minmay_tiny_reverse_x
D:2:      layout_loops_ring, shapermc_ecumenical_altar_acropolis, uniq_jessica,
          uniq_terence, uniq_natasha
D:3:      layout_basic, portal_sewer_entry_b, serial_glass, glass_columns_c,
          glass_columns_a
D:4:      gammafunk_steamed_eel, layout_gridville

Skill      XL: |  1  2  3  4  5  6 |
---------------+-------------------+-----
Short Blades   | 3 4 5 |  5.2
Dodging        | 3 4 |  4.2
Throwing       | 2 |  2.1
Armour         | 1 |  1.7
Stealth        | 2 |  2.5
Fighting       | 3 |  3.8

Action                   |  1- 3 |  4- 6 |  7- 9 || total
-------------------------+-------+-------+-------++-------
Melee: Rapier            |    92 |   191 |    36 ||   319
       Headbutt          |    11 |    29 |     4 ||    44
       Kick              |       |    28 |     6 ||    34
  Use: Scroll            |       |    11 |     1 ||    12
 Stab: Sleeping          |       |     2 |     1 ||     3
Armor: Leather armour    |    24 |       |       ||    24
       Robe              |       |    75 |    15 ||    90
Dodge: Dodged            |    51 |   136 |    42 ||   229
